 Dungeon Crawl Stone Soup version 0.28.0-49-g6dfe1f597d (webtiles) character file.

Game seed: 15469612288560093312

1601 Peloso the Carver (level 8, -8/70 HPs)
             Began as a Minotaur Fighter on May 18, 2022.
             Mangled by a sun demon (18 damage)
             ... summoned by a kobold demonologist
             ... on level 6 of the Dungeon.
             The game lasted 00:13:03 (7279 turns).

Peloso the Carver (Minotaur Fighter)                Turns: 7279, Time: 00:13:04

Health: -8/70      AC: 16    Str: 21    XL:     8   Next: 62%
Magic:  7/7        EV:  7    Int:  5    God:
Gold:   422        SH: 10    Dex: 12    Spells: 7/7 levels left

rFire   . . .      SeeInvis +   a - +2 scimitar (holy)
rCold   . . .      Faith    .   g - +0 buckler
rNeg    . . .      Spirit   .   q - +1 plate armour {rPois}
rPois   +          Reflect  +   (helmet restricted)
rElec   .          Harm     .   m - +0 cloak
rCorr   .          Rampage  .   (no gloves)
Will    .....                   (no boots)
Stlth   ..........              i - amulet of reflection
HPRegen 0.21/turn               j - ring of see invisible
MPRegen 0.10/turn               (no ring)

@: about to teleport, weak-willed, attractive
A: horns 2, retaliatory headbutt
a: no special abilities


You were on level 6 of the Dungeon.
You visited 2 branches of the dungeon, and saw 7 of its levels.

You collected 422 gold pieces.

Inventory:

Hand Weapons
 a - a +2 scimitar of holy wrath (weapon)
 f - a +0 whip of flaming
Armour
 b - a +0 scale mail
 g - a +0 buckler (worn)
 m - a +0 cloak (worn)
 q - a +1 plate armour of poison resistance (worn)
 w - +0 fire dragon scales
Jewellery
 i - an amulet of reflection (around neck)
 j - a ring of see invisible (left hand)
Wands
 o - a wand of polymorph (16)
 B - a wand of iceblast (13)
 E - a wand of charming (8)
 F - a wand of acid (5)
Scrolls
 e - a scroll of holy word {unknown}
 h - 2 scrolls of fog
 k - 2 scrolls of vulnerability
 l - a scroll of amnesia
 p - a scroll of torment {unknown}
 s - a scroll of fear {unknown}
 u - a scroll of magic mapping
 v - a scroll of identify {unknown}
 y - a scroll of noise {unknown}
 C - a scroll of enchant armour {unknown}
Potions
 d - 2 potions of might
 n - a potion of mutation {unknown}
 r - 2 potions of attraction
 t - a potion of curing {unknown}
 x - a potion of brilliance {unknown}
 z - a potion of heal wounds
 A - a potion of haste {unknown}
 D - a potion of lignification {unknown}


   Skills:
 + Level 5.7 Fighting
 + Level 8.4 Long Blades
 + Level 8.2 Armour
 + Level 1.9 Dodging
 + Level 0.6 Stealth
 + Level 6.2 Shields


You had 7 spell levels left.
You didn't know any spells.
Your spell library contained the following spells:

 Spells                   Type           Power      Damage    Failure   Level
 Tukima's Dance           Hex            0%         N/A       100%        3
 Anguish                  Hex/Necr       0%         N/A       100%        4
 Enfeeble                 Hex            0%         N/A       100%        7


Dungeon Overview and Level Annotations

Branches:
Dungeon (6/15)             Temple (1/1) D:6

Altars:
Ashenzari
Dithmenos
Elyvilon
Fedhas
Gozag
Hepliaklqana
Kikubaaqudgha
Makhleb
Nemelex Xobeh
Qazlal
Ru
Sif Muna
Trog
Uskayaw
Vehumet
Xom
Yredelemnul
Zin
The Shining One

Annotations:
D:6 1 transporter


Innate Abilities, Weirdness & Mutations

You have a pair of horns on your head.
You reflexively headbutt those who attack you in melee.


Message History

Okay, then.
As you read the scroll labelled GOFEIX ECWAI, it crumbles to dust.
The scroll dissolves into smoke.
It was a scroll of fog.
The sun demon hits you but does no damage.
The sun demon barely misses you.
The white imp hits you but does no damage.
As you read the scroll labelled HIDABL YSOICK, it crumbles to dust.
Magic quickly surges around you.
It was a scroll of vulnerability.
The white imp disappears for a moment.
The sun demon hits you but does no damage.
As you read the scroll labelled XACIH RIREWE, it crumbles to dust.
It is a scroll of amnesia.
You feel forgetful for a moment. You block the sun demon's attack.
As you read the scroll labelled ZUCEF OMMEDAEN, it crumbles to dust.
You feel momentarily disoriented.
It was a scroll of magic mapping.
The white imp shouts, "Despond, thou fawning fool-born vulture!"
You block the sun demon's attack. What are your orders? t - Shout!
Orders for allies: a - Attack new target. p - Attack previous target. r - Retreat! s - Stop attacking. g - Guard the area. f - Follow me.
Anything else - Cancel.
Okay, then.
As you read the scroll labelled DUNWIA SAPHOSH, it crumbles to dust.
You feel strangely unstable.
It was a scroll of teleportation.
You block the sun demon's attack.
The soul eater draws from the surrounding life force!
* * * LOW HITPOINT WARNING * * *
Unknown command.
You closely miss the sun demon. Your headbutt misses the sun demon.
The sun demon is moderately wounded.
You block the sun demon's attack. You block the soul eater's attack.
You block the sun demon's attack.
Unknown command.
You hit the soul eater but do no damage.
You block the soul eater's attack. The sun demon hits you.
* * * LOW HITPOINT WARNING * * *
You are engulfed in flames!!
You die...

.......#
#.###....########'####
.......#
#.##.................#
......##
#.##.###############.#
.....##
#.##.#8≈#KKo5..5#P8#.#
#..>##
#....#P.#§≈≈≈≈≈≈#.P#.###
##.##
##...#..#5§≈≈≈..#[$#....
#.#
#..©#§545§≈♣≈..+.©#©..#
##.#
##..#33#o§P≈≈..#($#..##
...#
##.#P@#≈§§≈≈≈≈#.P#.##
#### #.#8P#ooo5...#P8#.#
#.###############.#
#.................#
##############.#### #.#
######## #########.#
.......# ####.......#.#
.#####.# #.......##.#.#


You could see a soul eater (summoned, weak-willed), a sun demon (summoned,
weak-willed), a kobold demonologist, a chaos spawn (summoned), 4 orc priests, a
quasit (summoned), 2 white imps and a shadow imp.

Vanquished Creatures
  A water moccasin (D:6)
  An orc warrior (D:4)
  A black bear (D:6)
  A sky beast (D:6)
  An ogre (D:4)
  3 phantoms
  2 bullfrogs
  A scorpion (D:4)
  A water moccasin skeleton (D:5)
  A centaur zombie (D:6)
  A jelly (D:6)
  An orc priest (D:6)
  3 hounds
  A centaur skeleton (D:6)
  Jessica (D:3)
  2 bullfrog skeletons (D:6)
  2 orc wizards
  Natasha (D:4)
  A hound zombie (D:5)
  2 howler monkey zombies
  2 howler monkey skeletons (D:4)
  8 gnolls
  3 adders
  A shadow imp (D:6)
  An ufetubus (D:3)
  An adder skeleton (D:4)
  4 worms
  15 orcs
  4 endoplasms
  5 giant cockroaches
  9 goblins
  11 hobgoblins
  11 jackals
  3 quokkas
  7 ball pythons
  9 bats
  4 frilled lizards
  7 kobolds
  5 rats
138 creatures vanquished.

Vanquished Creatures (others)
  A plant (D:6)
1 creature vanquished.

Grand Total: 139 creatures vanquished

Notes
Turn   | Place    | Note
-------+----------+-------------------------------------------
     0 | D:1      | Peloso the Minotaur Fighter began the quest for the Orb.
     0 | D:1      | Reached XP level 1. HP: 19/19 MP: 0/0
   203 | D:1      | Reached XP level 2. HP: 27/27 MP: 1/1
   276 | D:1      | Found a faded altar of an unknown god.
   714 | D:2      | You fall into a shaft and drop 2 floors!
   784 | D:4      | Reached XP level 3. HP: 33/33 MP: 2/2
  1374 | D:2      | Reached XP level 4. HP: 38/40 MP: 3/3
  2307 | D:3      | Noticed Jessica
  2319 | D:3      | Killed Jessica
  2577 | D:4      | Noticed an ogre
  2855 | D:3      | Reached XP level 5. HP: 32/47 MP: 4/4
  3265 | D:4      | Killed an ogre
  3266 | D:4      | Reached skill level 5 in Long Blades
  3266 | D:4      | Reached skill level 5 in Armour
  3266 | D:4      | Reached skill level 1 in Dodging
  3521 | D:4      | Reached XP level 6. HP: 52/53 MP: 5/5
  4411 | D:4      | Noticed Natasha
  4416 | D:4      | Killed Natasha
  4553 | D:5      | Entered Level 5 of the Dungeon
  4553 | D:5      | Noticed an orc warrior
  4794 | D:4      | Reached XP level 7. HP: 48/60 MP: 6/6
  5030 | D:5      | Reached skill level 5 in Shields
  5358 | D:5      | Reached skill level 5 in Fighting
  6020 | D:6      | Noticed a kobold demonologist
  6023 | D:6      | Found a transporter.
  6023 | D:6      | Noticed a kobold demonologist
  6035 | D:6      | Reached XP level 8. HP: 64/69 MP: 7/7
  6458 | D:6      | Found a glowing silver altar of Zin.
  6459 | D:6      | Noticed an angel
  6574 | D:6      | Found a staircase to the Ecumenical Temple.
  6609 | D:6      | Found a transporter.
  7041 | Temple   | Entered the Ecumenical Temple
  7263 | D:6      | Noticed a sun demon
  7272 | D:6      | Noticed a soul eater
  7279 | D:6      | Mangled by a sun demon

Illustrated notes

Levels and vault maps discovered:
D:1:      zelgadis_glass_arrival_small, layout_rooms,
          dilly_ecumenical_altar_fadedgnrine, minmay_misc_feat_rugged
D:2:      layout_basic
D:3:      layout_loops_ring, minivault_24, uniq_jessica
D:4:      layout_basic, uniq_natasha
D:5:      layout_layer_cave
D:6:      gammafunk_wand_slinger, layout_loops_corners, zin_angel, temple_hall,
          minivault_26
Temple:   regret_index_temple_mists

Skill      XL: |  1  2  3  4  5  6  7  8 |
---------------+-------------------------+-----
Fighting       | 4 5 |  5.7
Armour         | 4 5 6 7 8 |  8.2
Long Blades    | 3 4 5 7 8 |  8.4
Shields        | 4 5 6 |  6.2
Dodging        | 1 |  1.9
Stealth        | |  0.6

Action                   |  1- 3 |  4- 6 |  7- 9 || total
-------------------------+-------+-------+-------++-------
Melee: Long sword        |    91 |   182 |     7 ||   280
       Headbutt          |     6 |    30 |    25 ||    61
       Scimitar          |       |       |    88 ||    88
Evoke: Wand              |       |       |     3 ||     3
  Use: Potion            |     2 |       |     2 ||     4
       Scroll            |     1 |       |     5 ||     6
 Stab: Distracted        |       |       |     1 ||     1
Armor: Scale mail        |    45 |    37 |       ||    82
       Plate armour      |       |    49 |    55 ||   104
Dodge: Dodged            |    64 |    42 |    20 ||   126
Block: Buckler           |    28 |    86 |    50 ||   164
